 Dungeon Crawl Stone Soup version 0.26.0-91-g99b343417d (webtiles) character file.

Game seed: 10339226452006499974

2058 Mattiprrivan the Slasher (level 9, -15/74 HPs)
             Began as a Minotaur Fighter on Feb 3, 2021.
             Was a Priest of Cheibriados.
             Killed by an exploding a killer bee (26 damage)
             ... exploding inner flame
             ... on level 6 of the Dungeon.
             The game lasted 00:49:30 (6113 turns).

Mattiprrivan the Slasher (Minotaur Fighter)         Turns: 6113, Time: 00:49:30

Health: -15/74     AC:  8    Str: 30    XL:     9   Next: 5%
Magic:  9/9        EV: 12    Int: 13    God:    Cheibriados [***...]
Gold:   238        SH: 17    Dex: 26    Spells: 8/8 levels left

rFire    . . .     SeeInvis .   a - +3 long sword
rCold    . . .     Faith    .   c - +0 kite shield
rNeg     . . .     Spirit   .   b - +1 scale mail
rPois    .         Reflect  +   (helmet restricted)
rElec    .         Harm     .   (no cloak)
rCorr    .         Rampage  .   (no gloves)
Will     .....                  (no boots)
Stlth    ++........             k - amulet of reflection
HPRegen  0.22/turn              h - +6 ring of dexterity
MPRegen  0.11/turn              (no ring)

@: lethally poisoned (-15 -> -15), very slow
A: retaliatory headbutt, hooves 1, horns 2, sturdy frame 1
a: Renounce Religion, Bend Time, Temporal Distortion


You were on level 6 of the Dungeon.
You worshipped Cheibriados.
Cheibriados was most pleased with you.
You visited 1 branch of the dungeon, and saw 6 of its levels.

You collected 238 gold pieces.

Inventory:

Hand Weapons
 a - a +3 long sword (weapon)
 f - a +2 spear of venom
Missiles
 e - 22 poisoned darts (quivered)
Armour
 b - a +1 scale mail (worn)
 c - a +0 kite shield (worn)
Jewellery
 d - an uncursed ring of poison resistance
 h - a +6 ring of dexterity (left hand)
 k - an amulet of reflection (around neck)
Wands
 m - a wand of digging (4)
Scrolls
 j - a scroll of immolation
Potions
 g - 4 potions of heal wounds
 i - a potion of brilliance
 l - a potion of resistance
 n - a potion of invisibility
 o - a potion of curing


   Skills:
 * Level 5.3 Fighting
 * Level 6.9 Long Blades
 * Level 2.5(3.2) Axes
 * Level 2.9(3.8) Polearms
 * Level 2.3(3.0) Staves
 * Level 3.4 Throwing
 * Level 5.7 Armour
 * Level 3.1 Dodging
 * Level 2.7 Stealth
 * Level 5.4 Shields
 * Level 3.3 Unarmed Combat
 * Level 2.0 Invocations
 * Level 1.3 Evocations


You had 8 spell levels left.
You didn't know any spells.
Your spell library was empty.

Dungeon Overview and Level Annotations

Branches:
Dungeon (6/15)
 Temple: D:4-7

Altars:
Cheibriados
Sif Muna
Trog
Xom


Innate Abilities, Weirdness & Mutations

You reflexively headbutt those who attack you in melee.
You have a pair of horns on your head.
You have large cloven feet.
Your movements are slightly less encumbered by armour. (ER -2)


Message History

You block the killer bee's attack. The killer bee closely misses you.
You furiously retaliate!
You headbutt the killer bee!
Cheibriados thoroughly appreciates the change of pace.
The killer bee explodes!
The fiery explosion engulfs the killer bee!!
Cheibriados thoroughly appreciates the change of pace.
The fiery explosion engulfs the killer bee!!
Cheibriados thoroughly appreciates the change of pace.
Cheibriados raises the support of your attributes as your movement slows.
The fiery explosion engulfs the killer bee!!
Cheibriados thoroughly appreciates the change of pace.
The fiery explosion engulfs you!
The killer bee explodes!
The fiery explosion engulfs you!!
* * * LOW HITPOINT WARNING * * *
The killer bee explodes!
The fiery explosion engulfs the killer bee!!
Cheibriados thoroughly appreciates the change of pace.
The fiery explosion engulfs you!!
You die...

###.###.#.#.#.#.......#
*,*
*#+#*#.#.#.#.#..######
*** *,,,,..#.#...#..#
**,,,,..#.####...#
,,,,,..<.........#
,,,,,.....#......#
,,,,....###.##.#.#
,,,,,,...........#
,,****#####...§§@## ,,*
*........§§§§# ,,*
*.####(..§§§§# ,,* *,*
#.......# ,,* *,*
#......## ,,* *,*
#.y....# ***** ,,* *,*
#......#* *,,,, ***
*,***##......#** *,***
*,,............# *,*


You could see a killer bee (wandering, inner flame).

Vanquished Creatures
  Pikel (D:5)
  Grinder (D:3)
  A sky beast (D:5)
  3 phantoms
  An ice beast (D:5)
  An ogre (D:5)
  A lemure (D:5)
  A scorpion (D:5)
  5 killer bees (D:6)
  2 orc priests (D:5)
  Crazy Yiuf (D:4)
  4 hounds
  Jessica (D:4)
  Natasha (thrice) (D:2)
  4 orc wizards
  3 worker ants
  A killer bee zombie (D:5)
  A hound zombie (D:5)
  Robin (D:3)
  3 gnolls (D:4)
  8 adders
  An adder zombie (D:5)
  5 worms
  3 dart slugs (D:1)
  4 leopard geckos
  21 orcs
  9 bats
  7 giant cockroaches
  16 goblins
  11 hobgoblins
  3 jackals (D:3)
  A quokka (D:4)
  A ball python skeleton (D:4)
  4 frilled lizards
  A jackal skeleton (D:4)
  5 kobolds
  A leopard gecko skeleton (D:5)
  A quokka zombie (D:5)
  7 rats
148 creatures vanquished.

Vanquished Creatures (others)
  An orc wizard (D:5)
1 creature vanquished.

Grand Total: 149 creatures vanquished

Notes
Turn   | Place    | Note
-------+----------+-------------------------------------------
     0 | D:1      | Mattiprrivan the Minotaur Fighter began the quest for the
                  | Orb.
     0 | D:1      | Reached XP level 1. HP: 19/19 MP: 0/0
   195 | D:1      | Reached XP level 2. HP: 26/27 MP: 1/1
   820 | D:1      | Reached XP level 3. HP: 33/33 MP: 2/2
  1490 | D:2      | Noticed Natasha
  1638 | D:2      | Reached skill level 3 in Long Blades
  1638 | D:2      | Reached skill level 1 in Stealth
  1650 | D:2      | Reached XP level 4. HP: 36/40 MP: 3/3
  1692 | D:2      | Reached skill level 1 in Unarmed Combat
  1722 | D:2      | Killed Natasha
  1723 | D:2      | Reached skill level 1 in Dodging
  1959 | D:2      | Noticed Natasha
  1961 | D:2      | Killed Natasha
  2424 | D:2      | Noticed Natasha
  2431 | D:2      | Killed Natasha
  2432 | D:2      | Reached skill level 1 in Throwing
  2432 | D:2      | Reached XP level 5. HP: 35/46 MP: 4/4
  2515 | D:3      | Noticed Grinder
  2527 | D:3      | Killed Grinder
  2528 | D:3      | Reached skill level 4 in Long Blades
  2528 | D:3      | Reached XP level 6. HP: 29/53 MP: 5/5
  2807 | D:3      | Found a snail-covered altar of Cheibriados.
  2810 | D:3      | Became a worshipper of Cheibriados the Contemplative
  2885 | D:3      | Noticed Robin
  2913 | D:3      | Killed Robin
  3120 | D:3      | Reached * piety under Cheibriados
  3160 | D:3      | Gained mutation: Your movements are slightly less
                  | encumbered by armour. (ER -2) [potion of mutation]
  3160 | D:3      | Gained mutation: Scrolls take you a little longer to read.
                  | [potion of mutation]
  3160 | D:3      | Lost mutation: Scrolls take you a little longer to read.
                  | [potion of mutation]
  3160 | D:3      | Gained mutation: You have large cloven feet. [potion of
                  | mutation]
  3316 | D:3      | Found a shimmering altar of Xom.
  3413 | D:4      | Reached XP level 7. HP: 53/60 MP: 6/6
  3473 | D:4      | Reached skill level 5 in Long Blades
  3747 | D:4      | Noticed Jessica
  3754 | D:4      | Killed Jessica
  3761 | D:4      | Found a shimmering blue altar of Sif Muna.
  3841 | D:4      | Found a runed translucent door.
  3842 | D:4      | Noticed Crazy Yiuf
  3846 | D:4      | Killed Crazy Yiuf
  3847 | D:4      | Reached skill level 1 in Polearms
  4019 | D:4      | Reached skill level 5 in Armour
  4085 | D:4      | Reached skill level 1 in Invocations
  4087 | D:4      | Reached ** piety under Cheibriados
  4407 | D:4      | Reached skill level 1 in Axes
  4407 | D:4      | Reached skill level 5 in Shields
  4879 | D:5      | Entered Level 5 of the Dungeon
  4889 | D:5      | Reached skill level 5 in Fighting
  4889 | D:5      | Reached skill level 1 in Staves
  4958 | D:5      | Reached XP level 8. HP: 68/68 MP: 7/7
  5303 | D:5      | Reached *** piety under Cheibriados
  5315 | D:5      | Noticed Pikel
  5325 | D:5      | Killed Pikel
  5326 | D:5      | Reached skill level 6 in Long Blades
  5326 | D:5      | Reached skill level 1 in Evocations
  5582 | D:5      | Reached XP level 9. HP: 72/74 MP: 9/9
  6106 | D:6      | Found a bloodstained altar of Trog.
  6113 | D:6      | Killed by an exploding a killer bee... exploding inner
                  | flame

Illustrated notes

Levels and vault maps discovered:
D:1:      minmay_arrival_shattered_statue, layout_basic
D:2:      layout_basic, columned_hall_lemuel, uniq_natasha
D:3:      layout_rooms, lemuel_coloured_pillars_altar, lemuel_doored_altar,
          uniq_robin, uniq_grinder
D:4:      layout_loops_corners, tgw_sif, uniq_crazy_yiuf_cottage
D:5:      layout_basic, uniq_pikel
D:6:      layout_basic, nicolae_overflow_crystal_walls, zin_scriptorium,
          grunt_temple_overflow_diamond, serial_shops, shop_statue,
          feat_on_display, uniq_sigmund, uniq_eustachio

Skill      XL: |  1  2  3  4  5  6  7  8 |
---------------+-------------------------+-----
Armour         | 4 5 |  5.7
Fighting       | 4 5 |  5.3
Shields        | 4 5 |  5.4
Long Blades    | 3 4 5 6 |  6.9
Stealth        | 1 2 |  2.7
Unarmed Combat | 1 2 3 |  3.3
Dodging        | 1 2 3 |  3.1
Throwing       | 1 2 3 |  3.4
Polearms       | 1 2 |  2.9
Invocations    | 1 2 |  2.0
Axes           | 1 2 |  2.5
Staves         | 1 2 |  2.3
Evocations     | 1 |  1.3

Action                   |  1- 3 |  4- 6 |  7- 9 || total
-------------------------+-------+-------+-------++-------
Melee: Long sword        |    92 |   101 |   136 ||   329
       Headbutt          |    14 |    21 |    39 ||    74
       Unarmed           |       |     7 |       ||     7
       Kick              |       |       |     1 ||     1
Throw: Dart              |    12 |    24 |    47 ||    83
  Use: Scroll            |     9 |     1 |    11 ||    21
       Potion            |     4 |     4 |     2 ||    10
 Stab: Sleeping          |       |       |     1 ||     1
Armor: Scale mail        |    39 |    41 |    22 ||   102
       Ring mail         |       |       |    16 ||    16
Dodge: Dodged            |    33 |    33 |    46 ||   112
Block: Kite shield       |    42 |    47 |    79 ||   168
       Rpst.: Long sword |     7 |    12 |    14 ||    33
